 Dungeon Crawl Stone Soup version 0.26.0-16-gc1dbca0489 (webtiles) character file.

Game seed: 3635134716885302623

291 thiole the Sneak (level 6, 0/36 HPs)
             Began as an Octopode Hedge Wizard on Jan 22, 2021.
             Was a Follower of Sif Muna.
             Slain by a worker ant (2 damage)
             ... on level 4 of the Dungeon.
             The game lasted 00:09:19 (3377 turns).

thiole the Sneak (Octopode Hedge Wizard)            Turns: 3377, Time: 00:09:20

Health: 0/36       AC:  1    Str:  7 (10) XL:     6   Next: 32%
Magic:  9/11       EV: 13    Int: 15 (18) God:    Sif Muna [*.....]
Gold:   121        SH:  0    Dex:  9 (11) Spells: 4/12 levels left

rFire    + . .     SeeInvis .   g - +0 dagger (drain)
rCold    x . .     Faith    .   (no shield)
rNeg     . . .     Spirit   .   b - +0 hat
rPois    .         Reflect  .   (no amulet)
rElec    .         Harm     .   l - ring of fire
rCorr    .         Rampage  .   (no ring)
Will     .....                  (no ring)
Stlth    ++++......             (no ring)
HPRegen  0.12/turn              (no ring)
MPRegen  0.12/turn              (no ring)
                                (no ring)
                                (no ring)

@: lethally poisoned (0 -> -5)
A: almost no armour, stealthy swim, amphibious, 8 rings, constrict 8, camouflage
1, gelatinous body 1
a: Renounce Religion, Channel Magic


You were on level 4 of the Dungeon.
You worshipped Sif Muna.
Sif Muna was aware of your devotion.
You visited 1 branch of the dungeon, and saw 4 of its levels.

You collected 121 gold pieces.

Inventory:

Hand Weapons
 a - a +0 dagger
 g - a +0 dagger of draining (weapon)
Armour
 b - a +0 hat (worn)
Jewellery
 l - a ring of fire (left tentacle)
Wands
 k - a wand of enslavement (8)
Scrolls
 c - 2 scrolls of identify
 d - a scroll of fog {unknown}
 e - a scroll of magic mapping {unknown}
 f - a scroll of amnesia {unknown}
 h - 2 scrolls of teleportation {unknown}
 j - 2 scrolls of blinking {unknown}
 m - a scroll of enchant armour {unknown}
Potions
 i - a potion of curing {unknown}
 n - 2 potions of heal wounds {unknown}
 o - a potion of lignification {unknown}
 p - a potion of flight {unknown}


   Skills:
 - Level 2.0 Dodging
 + Level 4.9 Stealth
 + Level 3.8 Spellcasting
 - Level 2.0 Conjurations
 + Level 1.7 Hexes
 - Level 2.0 Summonings
 - Level 1.0 Translocations
 * Level 3.0 Air Magic


You had 4 spell levels left.
You knew the following spells:

 Your Spells              Type           Power        Failure   Level
a - Magic Dart            Conj           32%          9%          1
b - Call Imp              Summ           8%           12%         2
c - Slow                  Hex            8%           14%         2
d - Mephitic Cloud        Conj/Pois/Air  7%           28%         3

Your spell library contained the following spells:

 Spells                   Type           Power        Failure   Level
 Blink                    Tloc           N/A          19%         2
 Conjure Flame            Conj/Fire      8%           36%         3


Dungeon Overview and Level Annotations

Branches:
Dungeon (4/15)
 Temple: D:4-7

Altars:
Dithmenos
Fedhas
Hepliaklqana
Okawaru
Sif Muna
Wu Jian
Xom
The Shining One

Annotations:
D:4 Sigmund


Innate Abilities, Weirdness & Mutations

You cannot wear most types of armour.
You are very stealthy in the water. (Stealth+)
You are amphibious.
You can wear up to eight rings at the same time.
You can use your tentacles to constrict eight enemies at once.
Your skin changes colour to match your surroundings (Stealth+).
Your rubbery body absorbs attacks. (AC +1, EV +1)


Message History

A gnoll comes into view. It is wielding a +0 club.
A worker ant comes into view.
The helpless worker ant fails to defend itself.
You puncture the worker ant! You grab the worker ant.
The worker ant is heavily wounded.
You constrict the worker ant, but do no damage.
The worker ant bites you.
You barely miss the worker ant.
The worker ant is heavily wounded.
You constrict the worker ant. The worker ant bites you.
* * * LOW HITPOINT WARNING * * *
You are poisoned.
The worker ant poisons you! The worker ant bites you!
* * * LOW HITPOINT WARNING * * *
You hit the worker ant but do no damage.
The worker ant is severely wounded.
You constrict the worker ant, but do no damage.
* * * LOW HITPOINT WARNING * * *
You feel sick. The worker ant bites you.
You die...

#. . #. .. ###
#.#### . ...####..
..?g # ..
........####..##g
#..
........B.......
.. .......@#
#..##.#
...####.####..<..#
#.......#.##
#########.# .# .#
.# @. ##


You could see a worker ant.

Vanquished Creatures
  A water moccasin (D:2)
  Jessica (D:2)
  Ijyb (D:3)
  5 adders
  3 worms
  3 dart slugs
  3 leopard geckos
  12 giant cockroaches
  5 goblins
  3 hobgoblins
  10 jackals
  A quokka (D:2)
  2 ball pythons (D:2)
  5 bats
  6 frilled lizards
  7 kobolds
  2 rats
70 creatures vanquished.

Vanquished Creatures (collateral kills)
  A gnoll (D:1)
  A goblin (D:1)
2 creatures vanquished.

Grand Total: 72 creatures vanquished

Notes
Turn   | Place    | Note
-------+----------+-------------------------------------------
     0 | D:1      | thiole the Octopode Hedge Wizard began the quest for the
                  | Orb.
     0 | D:1      | Reached XP level 1. HP: 11/11 MP: 4/4
     3 | D:1      | You fall into a shaft and drop 1 floor!
     3 | D:2      | Found a blossoming altar of Fedhas.
     3 | D:2      | Found a hazy altar of Hepliaklqana.
     3 | D:2      | Found a shimmering blue altar of Sif Muna.
     6 | D:2      | Found an ornate altar of the Wu Jian Council.
     9 | D:2      | Found a glowing golden altar of the Shining One.
    16 | D:2      | Reached XP level 2. HP: 17/17 MP: 0/6
    21 | D:2      | Found a shadowy altar of Dithmenos.
    33 | D:2      | Became a worshipper of Sif Muna the Loreminder
    47 | D:2      | Reached skill level 3 in Stealth
   188 | D:2      | Noticed Jessica
   211 | D:2      | Killed Jessica
   212 | D:2      | Reached XP level 3. HP: 21/21 MP: 7/7
   267 | D:2      | Learned a level 2 spell: Call Imp
   270 | D:2      | Learned a level 2 spell: Slow
   274 | D:2      | Learned a level 3 spell: Mephitic Cloud
   445 | D:1      | Reached XP level 4. HP: 27/27 MP: 5/8
   749 | D:1      | Reached skill level 1 in Air Magic
  1231 | D:2      | Reached skill level 4 in Stealth
  1725 | D:2      | Reached * piety under Sif Muna
  1898 | D:2      | Noticed a water moccasin
  1912 | D:2      | Killed a water moccasin
  1913 | D:2      | Reached skill level 1 in Hexes
  1913 | D:2      | Reached XP level 5. HP: 10/31 MP: 6/10
  1936 | D:2      | HP: 1/31 [poisoned by a water moccasin]
  2258 | D:2      | Found an iron altar of Okawaru.
  2352 | D:2      | Reached XP level 6. HP: 35/36 MP: 7/11
  2768 | D:3      | Noticed Ijyb
  2778 | D:3      | Killed Ijyb
  3013 | D:3      | Found a shimmering altar of Xom.
  3350 | D:3      | Noticed a phantom
  3366 | D:4      | Noticed Sigmund
  3377 | D:4      | Slain by a worker ant

Illustrated notes

Levels and vault maps discovered:
D:1:      shiori_arrival_whats_in_store_for_you, layout_loops_ring,
          hangedman_abyss_or_decor_lesser_grid, st_stairs_2, glass_columns_c,
          amcnicky_mini_pool_small, minmay_crystal_room,
          chequers_serial_rivers_small_3
D:2:      minmay_roachtagon, layout_loops_cross, minmay_overflow_temple_hex,
          okawaru_gym_becter, uniq_jessica
D:3:      cheibrodos_greedy_goblins, layout_basic,
          chequers_ecumenical_altar_grove, lemuel_altar_in_water, uniq_ijyb,
          uniq_natasha
D:4:      layout_loops_cross, gammafunk_ghost_grave, lexackson_kobold_supper,
          uniq_edmund, uniq_sigmund

Skill      XL: |  1  2  3  4  5  6 |
---------------+-------------------+-----
Stealth        | 3 4 |  4.9
Conjurations   | 2 |  2.0
Summonings     | 2 |  2.0
Air Magic      | 2 3 |  3.0
Hexes          | 1 |  1.7
Dodging        | |  2.0
Spellcasting   | |  3.8
Translocations | |  1.0

Action                   |  1- 3 |  4- 6 || total
-------------------------+-------+-------++-------
Melee: Dagger            |    24 |    94 ||   118
       Constrict         |     7 |    20 ||    27
       Tentacles         |     6 |     9 ||    15
 Cast: Magic Dart        |    22 |   118 ||   140
       Call Imp          |       |     2 ||     2
  Use: Scroll            |       |     3 ||     3
       Potion            |       |     1 ||     1
 Stab: Sleeping          |     1 |     2 ||     3
Armor: Skin              |     4 |     5 ||     9
Dodge: Dodged            |    17 |    49 ||    66
